 Dungeon Crawl Stone Soup version 0.31-a0-549-gf98fd537a9 (webtiles) character file.

Game seed: 5054805747221346112

9922 Ethylacetat the Mimic (level 11, -7/85 HPs)
             Began as an Octopode Gladiator on Aug 16, 2023.
             Was an Initiate of Gozag.
             Mangled by a water elemental (8 damage)
             ... on level 10 of the Dungeon.
             The game lasted 00:24:02 (10761 turns).

Ethylacetat the Mimic (Octopode Gladiator)         Turns: 10761, Time: 00:24:03

Health: -7/85      AC: 11    Str: 18    XL:     11   Next: 54%
Magic:  11/11      EV: 19    Int: 10    God:    Gozag
Gold:   934        SH:  5    Dex: 25    Spells: 6/10 levels left

rFire   + + .        w - melded +3 trident (venom)
rCold   + + .        (shield currently unavailable)
rNeg    + . .        a - melded +0 hat
rPois   +            B - amulet of reflection
rElec   +            f - ring of positive energy
rCorr   +            n - +5 ring of evasion
SInv    .            g - ring of flight
Will    .....        u - ring of protection from fire
Stlth   ++           K - ring of resist corrosion
HPRegen 0.34/turn    L - ring of protection from cold
MPRegen 0.12/turn    F - +6 ring of dexterity
                     (no ring)

%: reflection
@: snake-form, resistant, engulfed (cannot breathe), gold aura, flying
A: constrict, boosted hp, almost no armour, amphibious, 8 rings, large,
(camouflage 1), (gelatinous body 1), (nimble swimmer 1), (tentacles), (tentacle
spike 1), sense surroundings 1, wild magic 1
a: Begin Untransformation, Renounce Religion, Potion Petition, Call Merchant,
Bribe Branch


You were on level 10 of the Dungeon.
You worshipped Gozag.
Gozag was pleased with you.
You were an enormous anaconda.
You visited 2 branches of the dungeon, and saw 11 of its levels.

You collected 1233 gold pieces.
You spent 174 gold pieces at shops.
You paid 125 gold pieces to Gozag.

Inventory:

Hand Weapons
 w - a +3 trident of venom (melded)
Missiles
 b - 2 throwing nets (quivered)
 c - 6 javelins
Armour
 a - a +0 hat (melded)
Jewellery
 f - a ring of positive energy (left tentacle)
 g - a ring of flight (on tentacle)
 n - a +5 ring of evasion (right tentacle)
 u - a ring of protection from fire (on tentacle)
 z - a ring of magical power
 B - an amulet of reflection (around neck)
 F - a +6 ring of dexterity (on tentacle)
 K - a ring of resist corrosion (on tentacle)
 L - a ring of protection from cold (on tentacle)
Talismans
 k - a serpent talisman (active)
 t - a beast talisman
Wands
 y - a wand of charming (20)
 C - a wand of flame (13)
 J - a wand of roots (3)
Scrolls
 d - 8 scrolls of teleportation {unknown}
 e - 6 scrolls of identify
 h - 4 scrolls of amnesia {unknown}
 i - 7 scrolls of blinking
 j - 2 scrolls of noise {unknown}
 l - a scroll of enchant weapon {unknown}
 o - a scroll of revelation {unknown}
 p - 2 scrolls of summoning {unknown}
 s - a scroll of fear {unknown}
 v - 3 scrolls of fog {unknown}
 G - a scroll of poison {unknown}
 I - a scroll of enchant armour {unknown}
Potions
 m - a potion of mutation
 q - 2 potions of lignification


   Skills:
 - Level 5.1 Fighting
 - Level 2.0 Throwing
 - Level 5.4 Dodging
 - Level 5.5 Unarmed Combat
 * Level 13.2 Shapeshifting


You had 6 spell levels left.
You knew the following spells:

 Your Spells              Type           Power      Damage    Failure   Level
a - Blink                 Tloc           0%         N/A       58%         2
b - Lesser Beckoning      Tloc           0%         N/A       58%         2

Your spell library contained the following spells:

 Spells                   Type           Power      Damage    Failure   Level
 Magic Dart               Conj           0%         1d3       45%         1
 Call Imp                 Summ           0%         N/A       58%         2
 Cigotuvi's Dreadful Rot  Necr/Pois/Air  0%         N/A       58%         2
 Momentum Strike          Conj/Tloc      0%         3d8       58%         2
 Call Canine Familiar     Summ           0%         N/A       82%         3
 Ignite Poison            Fire/Tmut/Pois 0%         N/A       82%         3
 Mephitic Cloud           Conj/Pois/Air  0%         N/A       82%         3
 Ozocubu's Armour         Ice            0%         N/A       82%         3
 Portal Projectile        Hex/Tloc       0%         N/A       82%         3
 Tukima's Dance           Hex            0%         N/A       82%         3
 Anguish                  Hex/Necr       0%         N/A       99%         4
 Cause Fear               Hex            0%         N/A       99%         4
 Leda's Liquefaction      Hex/Erth       0%         N/A       99%         4
 Passage of Golubria      Tloc           0%         N/A       99%         4
 Freezing Cloud           Conj/Ice/Air   0%         6-21      100%        5
 Yara's Violent Unravell  Hex/Tmut       0%         3d3       100%        5
 Enfeeble                 Hex            0%         N/A       100%        7
 Ozocubu's Refrigeration  Ice            0%         4d7       100%        7


Dungeon Overview and Level Annotations

Branches:
Dungeon (10/15)            Temple (1/1) D:7
   Lair: D:8-11         Orc: D:9-12

Altars:
Ashenzari
Cheibriados
Dithmenos
Elyvilon
Fedhas
Gozag
Hepliaklqana
Kikubaaqudgha
Makhleb
Nemelex Xobeh
Okawaru
Qazlal
Ru
Sif Muna
Trog
Uskayaw
Vehumet
Wu Jian
Xom
Yredelemnul
Zin
The Shining One

Shops:
D:1 *   D:3 ([


Innate Abilities, Weirdness & Mutations

You are an enormous anaconda.
You have a powerful constriction melee attack.
Your maximum health is increased.
Your armour is entirely melded.
You are incapable of wielding weapons or throwing items.
You cannot wear most types of armour.
You are amphibious.
You can wear up to eight rings at the same time.
((Your skin changes colour to match your surroundings (Stealth+).))
((Your rubbery body absorbs attacks. (AC +1, EV +1)))
((You are camouflaged when in or above water. (Stealth+)))
((You have tentacles for arms and can constrict up to eight enemies at once.))
((One of your tentacles bears a spike.))
You passively map a small area around you.
Your spells are a little harder to cast, but a little more powerful.


Message History

You hit the water elemental.
The water elemental is lightly damaged.
You feel sick. The water elemental hits you.
You hit the water elemental.
The water elemental is moderately damaged.
You feel less wooden.
Your +0 hat unmelds from your body.
You turn into an enormous anaconda.
Your +3 trident of venom melds into your body.
Your +0 hat melds into your body.
Your +3 trident of venom stops dripping with poison.
You feel sick. You block the water elemental's attack.
Okay, then.
Press: ? - help, v - describe, . - travel, g - get item
Here: a water elemental (moderately damaged) Item here: 19 gold pieces.
The floor.
You feel better. The water elemental hits you!
* * * LOW HITPOINT WARNING * * *
The water elemental engulfs you in water!
You cannot read scrolls while unable to breathe!
Unknown command.
You lash the water elemental! You grab the water elemental.
The water elemental is heavily damaged.
* * * LOW HITPOINT WARNING * * *
Your lungs strain for air!
You constrict the water elemental, but do no damage.
The water elemental closely misses you.
You lash the water elemental!
The water elemental is severely damaged.
* * * LOW HITPOINT WARNING * * *
Your lungs strain for air!
You constrict the water elemental.
The water elemental completely misses you.
You lash the water elemental!
The water elemental is almost destroyed.
* * * LOW HITPOINT WARNING * * *
Your lungs strain for air!
You constrict the water elemental. The water elemental hits you!
You die...
Your body crumbles into a pile of gold.

#..........#§≈.... #....#.#..
##..........#.§§...
#....###.#
#...........'...§).
#)##..#...
#...........°°..≈#.
,#.###.#.#.
##.........○#.○.... #.#
#..... #.........☼#≈≈.... #.#
##.... ##.......E☼#≈≈....
#.###.....
##........##########.##......
##.).....EES# #....#.......
#........### #............
##.....### #........<...
###..### ##...#[......
###....# #...##......
##...##.# #...###.....
#.#####.# ##.## ###### ###
### ###


You could see a water elemental and a fire elemental.

Vanquished Creatures
  A fire dragon (D:10)
  A two-headed ogre (D:10)
  A deep elf pyromancer (D:10)
  An orc knight (D:10)
  A manticore (D:10)
  A komodo dragon (D:9)
  Grinder (D:3)
  3 hornets
  Prince Ribbit (D:7)
  A slime creature (D:10)
  An air elemental (D:10)
  2 shadows (D:10)
  A wraith (D:10)
  6 yaks (D:10)
  Sigmund (D:4)
  A wyvern (D:8)
  A vampire (D:10)
  A vampire mosquito (D:10)
  4 water moccasins
  An acid dragon (D:10)
  A black bear (D:4)
  6 orc warriors
  2 ogres
  A centaur (D:10)
  A phantom (D:5)
  2 kobold brigands (D:10)
  Blork the orc (D:5)
  3 bullfrogs
  5 scorpions
  11 wights
  A killer bee (D:10)
  2 hounds (D:5)
  3 orc priests
  4 jellies
  A gnoll bouda (D:7)
  8 iguanas
  3 sleepcaps
  10 orc wizards
  A statue (D:7)
  10 gnolls
  9 adders
  2 white imps (D:8)
  3 ufetubi
  A worm (D:4)
  3 dart slugs
  42 orcs
  7 ball pythons
  3 bats (D:2)
  15 endoplasms
  3 giant cockroaches
  6 goblins
  6 hobgoblins
  8 jackals
  7 quokkas
  10 frilled lizards
  7 kobolds
  4 rats
243 creatures vanquished.

Notes
Turn   | Place    | Note
-------+----------+-------------------------------------------
     0 | D:1      | Ethylacetat the Octopode Gladiator began the quest for the
                  | Orb.
     0 | D:1      | Reached XP level 1. HP: 14/14 MP: 1/1
   236 | D:1      | Reached XP level 2. HP: 18/19 MP: 2/2
   528 | D:1      | Found Leetoiv's General Store.
   897 | D:2      | Found a shimmering blue altar of Sif Muna.
   956 | D:2      | Reached XP level 3. HP: 25/25 MP: 3/3
  1566 | D:2      | Reached XP level 4. HP: 29/30 MP: 4/4
  1707 | D:3      | Found Olimmur's Weapon Shoppe.
  1803 | D:3      | Reached XP level 5. HP: 28/36 MP: 5/5
  1845 | D:3      | Reached XP level 6. HP: 3/43 MP: 6/6
  2112 | D:3      | Noticed Grinder
  2127 | D:3      | Killed Grinder
  2128 | D:3      | Reached skill level 5 in Dodging
  2128 | D:3      | Reached skill level 5 in Unarmed Combat
  2128 | D:3      | Reached XP level 7. HP: 24/49 MP: 7/7
  2231 | D:3      | Found Ezeuf's Antique Armour Emporium.
  2252 | D:3      | Found a hide-covered altar of Uskayaw.
  2454 | D:3      | Found a faded altar of an unknown god.
  2457 | D:3      | Found a glowing golden altar of the Shining One.
  2666 | D:4      | Noticed Sigmund
  2786 | D:4      | Reached skill level 1 in Shapeshifting
  2801 | D:4      | Killed Sigmund
  3088 | D:4      | Reached skill level 5 in Fighting
  3088 | D:4      | Reached skill level 2 in Shapeshifting
  3392 | D:4      | Reached XP level 8. HP: 55/55 MP: 8/8
  3659 | D:4      | Learned a level 2 spell: Blink
  3662 | D:4      | Learned a level 2 spell: Lesser Beckoning
  3929 | D:4      | Reached skill level 3 in Shapeshifting
  3992 | D:5      | Entered Level 5 of the Dungeon
  4056 | D:5      | Noticed Blork the orc
  4066 | D:5      | Killed Blork the orc
  4067 | D:5      | Reached skill level 4 in Shapeshifting
  4418 | D:5      | Reached skill level 5 in Shapeshifting
  4667 | D:5      | Reached skill level 6 in Shapeshifting
  4993 | D:6      | Reached XP level 9. HP: 53/61 MP: 9/9
  5099 | D:6      | Reached skill level 7 in Shapeshifting
  6079 | D:7      | Noticed Prince Ribbit
  6088 | D:7      | Killed Prince Ribbit
  6216 | D:7      | Reached skill level 8 in Shapeshifting
  6697 | D:7      | Found a staircase to the Ecumenical Temple.
  6711 | Temple   | Entered the Ecumenical Temple
  6734 | Temple   | Became a worshipper of Gozag Ym Sagoz the Greedy
  6785 | D:7      | Reached skill level 9 in Shapeshifting
  6797 | D:7      | Found a radiant altar of Vehumet.
  6860 | D:7      | Noticed a hornet
  6875 | D:7      | Killed a hornet
  6876 | D:7      | Reached XP level 10. HP: 66/66 MP: 10/10
  7221 | D:1      | Bought a scroll of blinking for 90 gold pieces
  7221 | D:1      | Bought a scroll of identify for 24 gold pieces
  7221 | D:1      | Bought a potion of berserk rage for 60 gold pieces
  7641 | D:8      | Found a shimmering blue altar of Sif Muna.
  7908 | D:8      | Found an ornate altar of the Wu Jian Council.
  8204 | D:9      | Reached skill level 10 in Shapeshifting
  8476 | D:9      | Found a sparkling altar of Nemelex Xobeh.
  8503 | D:9      | Found a shadowy altar of Dithmenos.
  8503 | D:9      | Found a basalt altar of Yredelemnul.
  8838 | D:10     | Entered Level 10 of the Dungeon
  9042 | D:10     | Identified the +3 hand axe of Hepp {flame, Str+3 Dex+4}
  9095 | D:10     | Reached skill level 11 in Shapeshifting
  9587 | D:10     | Found a large runed translucent door.
  9587 | D:10     | Found a large runed translucent door.
  9815 | D:10     | Noticed a two-headed ogre
  9819 | D:10     | Reached XP level 11. HP: 57/71 MP: 11/11
  9825 | D:10     | Killed a two-headed ogre
  9826 | D:10     | Reached skill level 12 in Shapeshifting
  9896 | D:10     | Noticed a manticore
  9904 | D:10     | Killed a manticore
 10079 | D:10     | Noticed an orc knight
 10146 | D:10     | Killed an orc knight
 10413 | D:10     | Noticed a fire dragon
 10418 | D:10     | Noticed a deep elf pyromancer
 10426 | D:10     | Killed a fire dragon
 10427 | D:10     | Reached skill level 13 in Shapeshifting
 10429 | D:10     | Killed a deep elf pyromancer
 10456 | D:10     | Identified the +4 flail of Xom's Favour {spect, Dex+2}
 10724 | D:10     | Paralysed by an air elemental for 1 turns
 10734 | D:10     | Paralysed by an air elemental for 1 turns
 10741 | D:10     | Gained mutation: One of your tentacles bears a spike.
                  | [potion of mutation]
 10741 | D:10     | Gained mutation: Your spells are a little harder to cast,
                  | but a little more powerful. [potion of mutation]
 10741 | D:10     | Gained mutation: You passively map a small area around you.
                  | [potion of mutation]
 10748 | D:10     | Paralysed by a hornet for 3 turns
 10761 | D:10     | HP: 1/85 [drowned by a water elemental (6)]
 10761 | D:10     | Mangled by a water elemental

Illustrated notes

Levels and vault maps discovered:
D:1:      minmay_arrival_semitransparent, layout_rooms, serial_co_window_serial,
          co_window_paths_b, co_window_paths_a, co_window_paths_b,
          co_window_corner_a, co_window_paths_b, co_window_of_opportunity_a,
          co_window_corner_a, co_window_paths_b, co_window_paths_a,
          co_window_unsneaky_path_b, co_window_corner_b,
          co_window_unsneaky_path_e, glass_columns_c, glass_columns_b,
          glass_columns_c, glass_columns_c, serial_shops,
          nicolae_shop_hallway_plus, minmay_split_cup_large
D:2:      layout_basic, basic_altar, serial_bayou_lake_a
D:3:      layout_basic, nicolae_overflow_ecumenical_swirl,
          general_overflow_altar, serial_shops, nicolae_shop_waterfront,
          nicolae_diamond_shop, uniq_grinder
D:4:      minmay_thinvault, layout_rooms, uniq_sigmund
D:5:      layout_cave_pods, minmay_pentangle, uniq_blork_the_orc
D:6:      layout_basic, hangedman_decor_opposing
D:7:      layout_basic, vehumet_statue, temple_green, uniq_prince_ribbit1
D:8:      layout_loops_ring, mainiacjoe_overflow_boulevard,
          nicolae_overflow_crystal_walls, kennysheep_generic_room_7
D:9:      layout_long_grid, gammafunk_temple_overflow_statue,
          mainiacjoe_overflow_small_starburst, minmay_lizard_king
D:10:     minmay_the_grid_four_pointed_star_mashed
          [minmay_the_grid_triangle_9x9_from_above,
          minmay_the_grid_triangle_9x9_negative_grid,
          minmay_the_grid_triangle_9x9_intruding_spiral,
          minmay_the_grid_triangle_9x9_zippers_horizontal,
          minmay_the_grid_prize_shrinking_boxes], layout_cave_pods,
          lightli_elemental_guards
Temple:   nicolae_temple_superstar

Skill      XL: |  1  2  3  4  5  6  7  8  9 10 11 |
---------------+----------------------------------+-----
Fighting       | 3 4 5 |  5.1
Dodging        | 4 5 |  5.4
Unarmed Combat | 4 5 |  5.5
Shapeshifting  | 2 6 9 11 13 | 13.2
Throwing       | |  2.0

Action                     |  1- 3 |  4- 6 |  7- 9 | 10-12 || total
---------------------------+-------+-------+-------+-------++-------
  Melee: Unarmed           |    90 |    47 |   253 |   274 ||   664
         Tentacles         |    17 |    10 |    40 |       ||    67
         Constrict         |    19 |     8 |    70 |    52 ||   149
         Punch             |     1 |     3 |     4 |       ||     8
         Trident           |       |       |    40 |     9 ||    49
  Throw: Throwing net      |       |       |       |     1 ||     1
  Evoke: Wand              |       |       |     2 |       ||     2
    Use: Potion            |       |       |     3 |    12 ||    15
   Stab: Sleeping          |     5 |       |    11 |     1 ||    17
         Invisible         |       |       |     5 |       ||     5
         Distracted        |       |       |     3 |     3 ||     6
 Armour: Skin              |    10 |       |    17 |    66 ||    93
  Dodge: Dodged            |    57 |    37 |   227 |   141 ||   462
  Block: Other             |       |       |     7 |    35 ||    42
   Form: Beast             |       |       |     1 |       ||     1
         Anaconda          |       |       |     1 |       ||     1

Table legend: (Time is in decaauts)
 A = Elapsed time spent in this place.
 B = Non-inter-level travel time spent in this place.
 C = Inter-level travel time spent in this place.
 D = Time resting spent in this place.
 E = Time spent auto-exploring this place.
 F = Levels seen in this place.
 G = Mean time per level.
                   A        B        C        D        E       F      G
               +--------+--------+--------+--------+--------+-----+--------+
         Total |  10727 |  10083 |    644 |    663 |   7742 |  11 |  975.2 |
       Dungeon |  10685 |  10081 |    604 |    663 |   7742 |  10 | 1068.5 |
        Temple |     42 |      2 |     40 |      0 |      0 |   1 |   42.0 |
               +--------+--------+--------+--------+--------+-----+--------+

Top non-repeatable levels by time:
    D:10: 1918 daAuts
     D:4: 1322 daAuts
     D:3: 1138 daAuts
     D:6: 1102 daAuts
     D:5: 1065 daAuts
     D:7: 999 daAuts
     D:1: 876 daAuts
     D:8: 776 daAuts
     D:2: 765 daAuts
     D:9: 720 daAuts
  Temple: 42 daAuts
